Map: Kairos Junction LE

Players

ZaZen

  • Race: Terran Terran
  • League: Silver
  • Spawn Location: 5:00

Joshiee - Winner!

  • Race: Zerg Zerg
  • Spawn Location: 11:00

VOD

Have the link to the VOD?

Description

Time

  • Played on: May 18, 2019, 2:12 p.m.
  • Length: 8:46
Show
View Real Time Build Order
Export as new Build Order

ZaZen Terran 

Build Orders:  

Get SALT Encoding   

  12  0:01  SCV  
  13  0:13  SCV  
  14  0:18  Supply Depot  
  14  0:26  Refinery  
  14  0:30  SCV  
  15  0:48  Barracks  
  16  0:50  SCV  
  16  1:08  SCV  
  17  1:20  SCV  
  18  1:35  Orbital Command  
  18  1:43  Factory  
  18  1:54  Barracks Reactor  
  18  2:08  Command Center  
  18  2:22  SCV  
  19  2:35  Bunker  
  19  2:42  Hellion x2  
  23  2:54  Barracks Tech Lab  
  23  3:13  Refinery  
  23  3:19  Hellion x2  
  27  3:23  SCV x2  
  27  3:24  Supply Depot  
  28  3:30  Marine  
  29  3:45  Refinery  
  29  3:46  SCV  
  29  3:48  Orbital Command, Marine  
  31  3:50  Starport  
  31  3:58  Stimpack  
  31  4:00  SCV  
  32  4:06  Hellion  
  26  4:35  Supply Depot  
  26  4:38  Starport Tech Lab  
  26  4:39  Hellion x2  
  26  4:44  Barracks  
  30  4:49  Starport Reactor  
  30  4:59  Refinery  
  30  5:08  Marine  
  30  5:11  Hellion x2  
  35  5:19  Armory  
  35  5:25  Marine  
  35  5:26  SCV x2  
  38  5:32  Medivac x2  
  42  5:38  SCV, Barracks Reactor  
  43  5:46  SCV  
  44  5:50  SCV  
  44  5:55  Hellion  
  44  5:56  Hellion  
  49  6:06  Barracks  
  49  6:08  Engineering Bay, Marine  
  49  6:10  Medivac x2  
  54  6:14  Marine x2  
  56  6:21  SCV x2  
  56  6:24  Supply Depot  
  58  6:25  Marine  
  58  6:29  Supply Depot  
  59  6:33  SCV x2  
  59  6:37  Marine  
  62  6:46  Medivac x2, Marine  
  67  6:53  Supply Depot  
  67  7:11  Missile Turret  
  67  7:13  Missile Turret  
  67  7:15  Barracks Reactor  
  67  7:16  Marine x2  
  67  7:19  Hellion x2  
  73  7:46  SCV x2  
  51  8:21  SCV  
Show
View Real Time Build Order
Export as new Build Order

Joshiee Zerg - Winner!

Build Orders: 3 Hatch before Pool 

Get SALT Encoding   

  12  0:01  Drone  
  13  0:12  Overlord  
  13  0:17  Drone  
  14  0:30  Drone x2  
  14  0:35  Drone  
  17  0:53  Hatchery  
  17  0:56  Drone  
  17  0:59  Drone  
  18  1:23  Hatchery  
  17  1:27  Drone  
  18  1:37  Spawning Pool  
  17  1:40  Drone  
  17  1:43  Drone  
  19  1:47  Drone  
  20  1:58  Drone  
  21  2:03  Drone  
  21  2:07  Drone  
  23  2:19  Drone x2  
  25  2:24  Drone  
  25  2:26  Overlord  
  26  2:36  Queen  
  26  2:37  Queen x2  
  32  2:47  Zergling x6  
  32  2:48  Drone x3  
  38  2:56  Drone  
  38  2:57  Drone  
  40  2:59  Drone  
  41  3:10  Drone  
  41  3:11  Overlord x2  
  42  3:22  Overlord  
  42  3:30  Queen x3  
  48  3:40  Extractor  
  44  3:42  Extractor  
  44  3:44  Extractor x2  
  41  3:48  Roach Warren  
  41  3:50  Evolution Chamber  
  41  3:51  Evolution Chamber  
  41  3:55  Drone x10  
  48  3:56  Zergling x4  
  48  3:57  Zergling x2  
  48  4:28  Lair  
  48  4:30  Drone x13  
  61  4:49  Drone x3  
  64  5:01  Drone x2  
  64  5:03  Overlord x3  
  64  5:05  Zerg Missile Weapons Level 1  
  64  5:06  Zerg Ground Armor Level 1  
  66  5:08  Metabolic Boost  
  66  5:23  Drone  
  66  5:28  Drone x2  
  69  5:35  Hatchery  
  69  5:38  Overlord x3  
  69  5:39  Drone  
  69  5:40  Drone x7  
  69  5:42  Nydus Network  
  75  6:01  Glial Reconstitution  
  75  6:02  Roach x8  
  91  6:12  Pneumatized Carapace  
  91  6:13  Overseer  
  91  6:19  Roach x9  
  91  6:22  Queen  
  111  6:30  Overlord x3  
  111  6:31  Overlord  
  111  7:13  Roach x8  
  127  7:23  Nydus Canal  
  127  7:28  Queen x3  
  127  7:29  Queen  
  135  7:30  Overlord x4  
  135  7:33  Roach x7  
  149  7:59  Roach x5  
  149  8:00  Roach x6  
  162  8:07  Roach  
  162  8:08  Roach  
  159  8:19  Roach  
  155  8:20  Roach x2  
Tags
 
Add a new tag
Caveats
  • Supply blocks, unpowered buildings, or Contaminate may cause inaccurate times.
  • Supply counts are checked every 10 seconds.